 Dungeon Crawl Stone Soup version 0.23.2-1-ga50397a (webtiles) character file.

Game seed: 12856671421253262582

82 schauveau the Vandal (level 4, -7/30 HPs)
             Began as a Halfling Hunter on May 2, 2019.
             Mangled by Crazy Yiuf
             ... wielding a +3 quarterstaff of chaos
              (13 damage)
             ... on level 3 of the Dungeon.
             The game lasted 00:03:06 (1958 turns).

schauveau the Vandal (Halfling Hunter)              Turns: 1958, Time: 00:03:09

Health: -7/30      AC:  3    Str: 10 (13) XL:     4   Next: 70%
Magic:  4/4        EV: 15    Int:  8 (9)  God:
Gold:   122        SH:  0    Dex: 14 (15) Spells: 3/3 levels left

rFire    . . .     SeeInvis .   a - +1 hunting sling
rCold    . . .     Gourm    .   (shield restricted)
rNeg     . . .     Faith    .   c - +0 leather armour
rPois    .         Spirit   .   (no helmet)
rElec    .         Reflect  .   (no cloak)
rCorr    .         Harm     .   (no gloves)
MR       .....                  (no boots)
Stlth    ++........             (no amulet)
HPRegen  0.10/turn              l - ring of wizardry
MPRegen  0.09/turn              p - ring of flight

@: lethally poisoned (-7 -> -25)
A: small, mutation resistance 1
a: Evoke Flight


You were on level 3 of the Dungeon.
You were not hungry.

You visited 1 branch of the dungeon, and saw 3 of its levels.

You collected 122 gold pieces.

Inventory:

Hand Weapons
 a - a +1 hunting sling (weapon)
 b - a +0 short sword
Missiles
 d - 31 sling bullets (quivered)
 g - 37 arrows
 k - 29 stones
 o - 14 poisoned needles
Armour
 c - a +0 leather armour (worn)
Jewellery
 l - a ring of wizardry (left hand)
 p - a ring of flight (right hand)
Scrolls
 h - a scroll of blinking {unknown}
 m - a scroll of immolation {unknown}
 q - a scroll of remove curse {unknown}
 r - a scroll of identify {unknown}
 s - a scroll of noise {unknown}
Potions
 e - a potion of flight {unknown}
 i - a potion of degeneration
 j - a potion of cancellation {unknown}
Comestibles
 f - 2 rations


   Skills:
 + Level 2.4 Fighting
 * Level 6.9 Slings
 + Level 2.9 Dodging
 + Level 2.3 Stealth


You had 3 spell levels left.
You didn't know any spells.
Your spell library contained the following spells:

 Spells                   Type           Power        Failure   Level  Hunger
 Summon Lightning Spire   Summ/Air       #.......     90%         4    #####..
 Silence                  Hex/Air        #.........   99%         5    ######.
 Conjure Ball Lightning   Conj/Air       #.........   100%        6    #######
 Deflect Missiles         Chrm/Air       #.........   100%        6    #######
 Tornado                  Air            #.........   100%        9    #######


Dungeon Overview and Level Annotations

Branches:
Dungeon (3/15)

Altars:
Kikubaaqudgha
Wu Jian

Annotations:
D:2 Terence
D:3 Crazy Yiuf


Innate Abilities, Weirdness & Mutations

You are small and have problems with some larger weapons.
You are somewhat resistant to further mutation.


Message History

You shoot a sling bullet. The sling bullet hits Crazy Yiuf.
Crazy Yiuf is moderately wounded.
You feel sick. Crazy Yiuf barely misses you.
Firing (i - inventory. (/) - cycle)
d - 32 sling bullets (quivered)
Press: ? - help, Shift-Dir - straight line, f/p - Crazy Yiuf
Aim: Crazy Yiuf, wielding a +3 quarterstaff of chaos and wearing a +1 cloak (moderately wounded)
You shoot a sling bullet. The sling bullet hits Crazy Yiuf.
Crazy Yiuf is moderately wounded.
You feel sick.
Crazy Yiuf hits you with a +3 quarterstaff of chaos!
* * * LOW HITPOINT WARNING * * *
You are too injured to fight recklessly!
You are too injured to fight recklessly!
It was a potion of degeneration.
There was something very wrong with that liquid.
You feel weakened.
You feel dopey.
You feel clumsy.
* * * LOW HITPOINT WARNING * * *
You feel sick.
Crazy Yiuf hits you with a +3 quarterstaff of chaos!
You die...

..8....#
.8.8...#
8._.8..#
.8.8...#
#####
..8....#
#..)#
......######
#...#
#####.##...#
... #.##.###
#g#
#####.##.#
##@#
÷<...>##.#
#.##
####..##.#
##.#
####..##.#
#.##
..†......#
##.##
####..####
#...##
####..######
#....#
...........#
#....#
############
##..##


You could see Crazy Yiuf.

Vanquished Creatures
  An orc wizard (D:3)
  2 adders (D:2)
  A dart slug (D:2)
  3 orcs (D:3)
  2 bat zombies (D:2)
  3 goblins (D:2)
  4 hobgoblins
  6 kobolds
  A quokka (D:3)
  3 bats
  A frilled lizard (D:2)
  3 rats
  3 rat zombies (D:2)
33 creatures vanquished.

Notes
Turn   | Place    | Note
-------+----------+-------------------------------------------
     0 | D:1      | schauveau the Halfling Hunter began the quest for the Orb.
     0 | D:1      | Reached XP level 1. HP: 14/14 MP: 1/1
   644 | D:2      | Reached skill level 6 in Slings
   658 | D:2      | Reached XP level 2. HP: 5/19 MP: 2/2
  1141 | D:2      | Found an ancient bone altar of Kikubaaqudgha.
  1184 | D:3      | Found a faded altar of an unknown god.
  1244 | D:2      | Noticed Terence
  1477 | D:2      | Reached XP level 3. HP: 8/24 MP: 3/3
  1717 | D:3      | Reached XP level 4. HP: 25/29 MP: 4/4
  1871 | D:3      | Found a runed translucent door.
  1872 | D:3      | Noticed Crazy Yiuf
  1911 | D:3      | Found an ornate altar of the Wu Jian Council.
  1958 | D:3      | Mangled by Crazy Yiuf

Skill      XL: |  1  2  3 |
---------------+----------+-----
Slings         | 6 |  6.9
Fighting       | 2 |  2.4
Stealth        | 2 |  2.3
Dodging        | |  2.9

Action                   |  1- 3 |  4- 6 || total
-------------------------+-------+-------++-------
Melee: Short sword       |    71 |     1 ||    72
 Fire: Hunting sling     |    29 |    19 ||    48
  Use: Potion            |       |     1 ||     1
 Stab: Sleeping          |       |     1 ||     1
  Eat: Ration            |     1 |       ||     1
Armor: Leather armour    |    23 |     2 ||    25
Dodge: Dodged            |    57 |    14 ||    71
